 Dungeon Crawl Stone Soup version 0.29-a0-397-g846e4a0bbc (webtiles) character file.

Game seed: 17249259857763160224

4 hquester the Cudgeller (level 1, 0/22 HPs)
             Began as a Troll Berserker on May 11, 2022.
             Was a Follower of Trog.
             Slain by a gnoll
             ... wielding a +0 club
              (6 damage)
             ... on level 1 of the Dungeon.
             The game lasted 00:00:50 (71 turns).

hquester the Cudgeller (Troll Berserker)              Turns: 71, Time: 00:00:50

Health: 0/22       AC:  4    Str: 24    XL:     1   Next: 58%
Magic:  0/0        EV: 10    Int:  3    God:    Trog [*.....]
Gold:   22         SH:  0    Dex:  9    Spells: 0/0 levels left

rFire   . . .      SeeInvis .   (no weapon)
rCold   . . .      Faith    .   (no shield)
rNeg    . . .      Spirit   .   b - +0 animal skin
rPois   .          Reflect  .   (helmet restricted)
rElec   .          Harm     .   (no cloak)
rCorr   .          Rampage  .   (gloves unavailable)
Will    .....                   (boots unavailable)
Stlth   +.........              (no amulet)
HPRegen 0.87/turn               (no ring)
MPRegen 0.07/turn               (no ring)

@: no status effects
A: large, unfitting armour, claws 3, regeneration 1, shaggy fur 1, tough skin 1
a: Renounce Religion, Berserk


You were on level 1 of the Dungeon.
You worshipped Trog.
Trog was aware of your devotion.
You visited 1 branch of the dungeon, and saw 1 of its levels.

You collected 22 gold pieces.

Inventory:

Hand Weapons
 a - a +0 mace
Missiles
 c - 6 poisoned darts (quivered)
Armour
 b - a +0 animal skin (worn)


   Skills:
 + Level 2.5 Fighting
 + Level 2.8 Maces & Flails
 + Level 2.4 Dodging


You couldn't memorise any spells.
You didn't know any spells.
Your spell library was empty.

Dungeon Overview and Level Annotations

Branches:
Dungeon (1/15)

Altars:


Innate Abilities, Weirdness & Mutations

You are too large for most types of armour.
You have claws for hands.
Your natural rate of healing is unusually fast.
You are covered in fur. (AC +1)
You have tough skin. (AC +1)


Message History

You barely miss the bat. The bat hits you but does no damage.
The bat hits you but does no damage.
You completely miss the bat. The bat barely misses you.
You scratch the bat.
You kill the bat!
Trog accepts your kill.
A rat comes into view.
Found a stone staircase leading down.
A hobgoblin and a gnoll come into view.
The gnoll shouts!
The rat bites you but does no damage.
You closely miss the rat. The rat barely misses you.
A ball python comes into view.
You barely miss the rat.
The hobgoblin shouts!
The rat misses you.
You barely miss the rat.
The ball python hisses angrily.
The rat bites you but does no damage.
You scratch the rat.
You kill the rat!
Trog accepts your kill.
A giant cockroach and a bat come into view.
The gnoll closely misses you.
The bat moves out of view.
You barely miss the gnoll. The gnoll hits you with a +0 club.
You closely miss the gnoll.
The hobgoblin hits you but does no damage.
The gnoll hits you with a +0 club.
You scratch the gnoll.
The gnoll is heavily wounded.
The hobgoblin barely misses you. The gnoll hits you with a +0 club.
You scratch the gnoll but do no damage. You claw the gnoll, but do no damage.
The gnoll is heavily wounded.
The hobgoblin closely misses you. The gnoll hits you with a +0 club.
You scratch the gnoll.
The gnoll is severely wounded.
The hobgoblin hits you. The gnoll hits you with a +0 club.
* * * LOW HITPOINT WARNING * * *
The gnoll attacks as you move away! The gnoll hits you with a +0 club.
You die...

........ ......# #
.....## . . ..... ..#
##.#B. .#.## .. ..Sb#
....# (.. #gg##.....
....# #.@..#.#
.#.#.#.#..######....#..>
.........................
#.#.#.#.#.....#..........
................##.#.#...
#.#.#.#.#................
.........................
..............####.#.#...
..............# .#.#...


You could see a gnoll, a giant cockroach, a hobgoblin, a bat and a ball python.

Vanquished Creatures
  An endoplasm (D:1)
  A goblin (D:1)
  A bat (D:1)
  A frilled lizard (D:1)
  A rat (D:1)
5 creatures vanquished.

Notes
Turn   | Place    | Note
-------+----------+-------------------------------------------
     0 | D:1      | hquester the Troll Berserker began the quest for the Orb.
     0 | D:1      | Reached XP level 1. HP: 22/22 MP: 0/0
    71 | D:1      | Slain by a gnoll

Illustrated notes

Levels and vault maps discovered:
D:1:      ebering_trefoil_twist, layout_rooms,
          hellmonk_ecumenical_altar_crossroads, st_stairs_13

Action                   || total
-------------------------++-------
Melee: Unarmed           ||    23
       Punch             ||     1
Armor: Animal skin       ||    11
Dodge: Dodged            ||    14

Table legend: (Time is in decaauts)
 A = Elapsed time spent in this place.
 B = Non-inter-level travel time spent in this place.
 C = Inter-level travel time spent in this place.
 D = Time resting spent in this place.
 E = Time spent auto-exploring this place.
 F = Levels seen in this place.
 G = Mean time per level.
                   A        B        C        D        E       F      G
               +--------+--------+--------+--------+--------+-----+--------+
         Total |     70 |     70 |      0 |      0 |     22 |   1 |   70.0 |
       Dungeon |     70 |     70 |      0 |      0 |     22 |   1 |   70.0 |
               +--------+--------+--------+--------+--------+-----+--------+

Top non-repeatable levels by time:
     D:1: 70 daAuts
